 Dungeon Crawl Stone Soup version 0.29-a0-664-gff9cad4a3d (webtiles) character file.

Game seed: 1206557160759768442

108 Zonian the Chiller (level 4, -2/21 HPs)
             Began as a Vine Stalker Ice Elementalist on June 22, 2022.
             Slain by a gnoll
             ... wielding a +0 halberd
              (7 damage)
             ... on level 3 of the Dungeon.
             The game lasted 00:03:53 (2757 turns).

Zonian the Chiller (Vine Stalker Ice Elementalist)  Turns: 2757, Time: 00:03:54

Health: -2/21      AC:  3    Str: 11    XL:     4   Next: 87%
Magic:  0/9        EV: 12    Int: 15    God:
Gold:   137        SH:  0    Dex: 16    Spells: 8/9 levels left

rFire   . . .      SeeInvis .   c - +0 dagger
rCold   . . .      Faith    .   (no shield)
rNeg    . . .      Spirit   +   a - +0 robe
rPois   .          Reflect  .   (no helmet)
rElec   .          Harm     .   (no cloak)
rCorr   .          Rampage  .   (no gloves)
Will    .....                   v - +0 pair of boots
Stlth   +++.......              (no amulet)
HPRegen 0.87/turn               (no ring)
MPRegen 0.11/turn               (no ring)

@: no status effects
A: fangs 2, regeneration 1, magic shield, antimagic bite, no potion heal 2
a: no special abilities


You were on level 3 of the Dungeon.
You visited 1 branch of the dungeon, and saw 3 of its levels.

You collected 137 gold pieces.

Inventory:

Hand Weapons
 c - a +0 dagger (weapon)
 u - a +1 scimitar of holy wrath
Missiles
 g - 5 javelins
Armour
 a - a +0 robe (worn)
 t - a +0 cloak
 v - a +0 pair of boots (worn)
Jewellery
 p - a ring of flight
Scrolls
 d - a scroll of brand weapon {unknown}
 e - a scroll of magic mapping {unknown}
 h - 3 scrolls of identify {unknown}
 i - a scroll of vulnerability {unknown}
 k - 2 scrolls of immolation {unknown}
 m - a scroll of noise {unknown}
 o - a scroll of teleportation {unknown}
 s - 2 scrolls of blinking {unknown}
Potions
 f - a potion of berserk rage {unknown}
 j - a potion of haste {unknown}
 l - a potion of lignification {unknown}
 n - a potion of invisibility {unknown}
 q - 2 potions of degeneration {unknown}
 r - a potion of heal wounds {unknown}


   Skills:
 + Level 2.4 Dodging
 + Level 3.8 Stealth
 + Level 3.0 Spellcasting
 + Level 4.5 Ice Magic


You had 8 spell levels left.
You knew the following spells:

 Your Spells              Type           Power      Damage    Failure   Level
a - Freeze                Ice            64%        1d8       3%          1

Your spell library contained the following spells:

 Spells                   Type           Power      Damage    Failure   Level
 Frozen Ramparts          Ice            32%        1d5       9%          3
 Ozocubu's Armour         Ice            16%        N/A       9%          3
 Sandblast                Erth           4%         2d4       21%         1
 Shock                    Conj/Air       8%         1d3       21%         1
 Sting                    Tmut/Pois      8%         1d3       21%         1
 Summon Small Mammal      Summ           8%         N/A       21%         1
 Passwall                 Tmut/Erth      1%         N/A       30%         2
 Stone Arrow              Conj/Erth      4%         3d7       52%         3
 Hailstorm                Conj/Ice       9%         3d4       61%         4


Dungeon Overview and Level Annotations

Branches:
Dungeon (3/15)

Altars:

Shops:
D:1 (


Innate Abilities, Weirdness & Mutations

You have extremely sharp teeth.
Your natural rate of healing is unusually fast.
When hurt, damage is shared between your health and your magic reserves.
Your bite disrupts and absorbs the magic of your enemies.
Potions cannot restore your health.


Message History

Found a stone staircase leading down.
The gnoll shouts! x2
The dart slug briefly extends its eye-stalks.
The gnoll shouts!
The gnoll barely misses you. x2
Unknown command.
The dart slug launches a dart at you. The slug dart misses you.
You see here a book of Callings.
The gnoll hits you from afar with a +0 halberd!
The gnoll closely misses you.
The gnoll shouts!
You hit the gnoll.
The gnoll is lightly wounded.
An endoplasm comes into view.
The gnoll barely misses you.
You hit the gnoll but do no damage.
The gnoll is lightly wounded.
The gnoll hits you with a +0 halberd!
Unknown command.
Magic courses through your body. The gnoll hits you with a +0 halberd!
* * * LOW HITPOINT WARNING * * *
You aren't carrying any items that you can evoke.
Casting: Freeze (safe; 3% risk of failure)
Confirm with . or Enter, or press ? or * to list all spells.
Aiming: Freeze (safe; 3% risk of failure)
Press: ? - help, Shift-Dir - straight line, f - gnoll
Aim: a gnoll, wielding a +0 halberd (lightly wounded)
You freeze the gnoll.
The gnoll is heavily wounded.
The gnoll closely misses you.
Casting: Freeze (safe; 3% risk of failure)
Confirm with . or Enter, or press ? or * to list all spells.
Aiming: Freeze (safe; 3% risk of failure)
Press: ? - help, Shift-Dir - straight line, f/p - gnoll
Aim: a gnoll, wielding a +0 halberd (heavily wounded)
You freeze the gnoll.
The gnoll is almost dead.
The gnoll hits you with a +0 halberd!
You die...

..#
#............<#
...
#.#############
.g# #.# #g# #.#
#g# #.# #># #.#
#####.##+### #.#
#....)....g####.#
#.......:Jgwg@..#
#.........g######
#..........#
#..........#
#..........#
#....?....[#
#......?...#
#####.######


You could see 4 gnolls, a dart slug and an endoplasm.

Vanquished Creatures
  5 adders (D:2)
  A worm (D:2)
  7 bats
  6 endoplasms
  A giant cockroach (D:1)
  4 goblins
  2 hobgoblins (D:1)
  4 jackals (D:2)
  2 kobolds
  4 quokkas
  12 ball pythons
  3 frilled lizards
  4 rats
55 creatures vanquished.

Notes
Turn   | Place    | Note
-------+----------+-------------------------------------------
     0 | D:1      | Zonian the Vine Stalker Ice Elementalist began the quest
                  | for the Orb.
     0 | D:1      | Reached XP level 1. HP: 9/9 MP: 4/4
   109 | D:1      | Reached XP level 2. HP: 7/13 MP: 0/6
   692 | D:1      | Found Inearch's Weapon Shop.
   802 | D:1      | Reached XP level 3. HP: 16/16 MP: 7/7
  2020 | D:2      | Got Wizardry for Beginners
  2139 | D:2      | Gained mutation: Your natural rate of healing is unusually
                  | fast. [Vine Stalker growth]
  2139 | D:2      | Reached XP level 4. HP: 21/21 MP: 9/9
  2757 | D:3      | Slain by a gnoll

Illustrated notes

Levels and vault maps discovered:
D:1:      saegor_arrival_simple_d, layout_loops_ring, serial_shops,
          nicolae_shop_bloodbath_and_beyond
D:2:      layout_rooms, minivault_4, amcnicky_mini_pool_small,
          minmay_snake_closets
D:3:      layout_basic, dk_vineyard_1, chequers_jeans

Skill      XL: |  1  2  3  4 |
---------------+-------------+-----
Stealth        | 3 |  3.8
Dodging        | 2 |  2.4
Spellcasting   | 3 |  3.0
Ice Magic      | |  4.5

Action                   |  1- 3 |  4- 6 || total
-------------------------+-------+-------++-------
Melee: Unarmed           |     5 |       ||     5
       Bite              |    15 |     6 ||    21
       Dagger            |    72 |    29 ||   101
 Cast: Freeze            |    23 |    14 ||    37
  Use: Potion            |       |     1 ||     1
 Stab: Sleeping          |    10 |     4 ||    14
Armor: Robe              |    15 |     7 ||    22
Dodge: Dodged            |    74 |    37 ||   111

Table legend: (Time is in decaauts)
 A = Elapsed time spent in this place.
 B = Non-inter-level travel time spent in this place.
 C = Inter-level travel time spent in this place.
 D = Time resting spent in this place.
 E = Time spent auto-exploring this place.
 F = Levels seen in this place.
 G = Mean time per level.
                   A        B        C        D        E       F      G
               +--------+--------+--------+--------+--------+-----+--------+
         Total |   2759 |   2651 |    108 |    511 |   1616 |   3 |  919.7 |
       Dungeon |   2759 |   2651 |    108 |    511 |   1616 |   3 |  919.7 |
               +--------+--------+--------+--------+--------+-----+--------+

Top non-repeatable levels by time:
     D:1: 1643 daAuts
     D:2: 1069 daAuts
     D:3: 46 daAuts
